 Dungeon Crawl Stone Soup version 0.22-a0-570-g58866f5 (webtiles) character file.

286151 MothsLongingForFire the Grim Reaper (level 19, -19/161 HPs)
             Began as a Demonspawn Monk on June 30, 2018.
             Was the Champion of Yredelemnul.
             Killed from afar by Uzaajiss's ghost (67 damage)
             ... with an iron shot
             ... on level 1 of the Vaults.
             The game lasted 02:18:21 (57551 turns).

MothsLongingForFire the Grim Reaper (DsMo)         Turns: 57551, Time: 02:18:22

Health: -19/161    AC: 32    Str: 18    XL:     19   Next: 82%
Magic:  32/32      EV: 11    Int: 11    God:    Yredelemnul [******]
Gold:   2882       SH: 14    Dex: 18    Spells: 18/18 levels left

rFire    + + .     SeeInvis .   X - +2 trident (vamp)
rCold    + + .     Gourm    .   S - +0 shield
rNeg     + . .     Faith    .   W - +4 plate armour
rPois    +         Spirit   .   u - -2 hat of the Alchemist {rElec rPois rF+ rC+ rN+ MR+ rMut rCorr}
rElec    +         Reflect  .   x - +0 cloak {rF+}
rCorr    +         Harm     .   f - +1 pair of gloves
rMut     +                      (boots unavailable)
MR       +++..                  O - amulet of the acrobat
Stlth    ..........             N - ring "Mixumuh" {Wiz rC+}
HPRegen  0.36/turn              M - ring of protection from magic
MPRegen  0.23/turn

@: sanguine armour, drained
A: hooves 3, demonic guardian 2, spiny 3, sanguine armour 3
}: 2/15 runes: decaying, serpentine
a: Recall Undead Slaves, Injury Mirror, Animate Dead, Drain Life, Enslave Soul,
Renounce Religion


You were on level 1 of the Vaults.
You worshipped Yredelemnul.
Yredelemnul was exalted by your worship.
You were not hungry.

You visited 8 branches of the dungeon, and saw 36 of its levels.
You also visited: Ice Cave and Volcano.

You collected 4399 gold pieces.
You spent 1517 gold pieces at shops.


Innate Abilities, Weirdness & Mutations

You have hooves in place of feet.
A demonic guardian rushes to your aid.
You are completely covered in sharp spines.
When seriously injured, your bleeding wounds create very thick armour. (AC +12)


   Skills:
 + Level 17.4(17.3) Fighting
 - Level 16.0(15.9) Polearms
 + Level 9.6(9.5) Armour
 + Level 10.0(9.9) Dodging
 - Level 1.7 Stealth
 * Level 16.0(15.9) Shields
 - Level 18.1(18.0) Invocations


You had 18 spell levels left.
You didn't know any spells.
Your spell library contained the following spells:

 Spells                   Type           Power        Failure   Level  Hunger
 Magic Dart               Conj           #...         96%         1    ##.....
 Fireball                 Conj/Fire      #.........   100%        5    ######.
 Conjure Flame            Conj/Fire      #.......     100%        3    ####...
 Bolt of Fire             Conj/Fire      #.........   100%        6    #######
 Lightning Bolt           Conj/Air       #.........   100%        5    ######.
 Bolt of Magma            Conj/Fire/Erth #.........   100%        5    ######.
 Slow                     Hex            #.......     99%         2    ###....
 Throw Flame              Conj/Fire      #.....       99%         2    ###....
 Throw Frost              Conj/Ice       #.....       99%         2    ###....
 Mephitic Cloud           Conj/Pois/Air  #.......     100%        3    ####...
 Ring of Flames           Chrm/Fire      #.........   100%        7    #######
 Venom Bolt               Conj/Pois      #.........   100%        5    ######.
 Teleport Other           Tloc           #.......     100%        3    ####...
 Summon Small Mammal      Summ           #...         96%         1    ##.....
 Blink                    Tloc           N/A          99%         2    ###....
 Summon Horrible Things   Summ           #.........   100%        8    #######
 Animate Dead             Necr           N/A          100%        4    #####..
 Pain                     Necr           #...         96%         1    ##.....
 Animate Skeleton         Necr           N/A          96%         1    ##.....
 Vampiric Draining        Necr           #.........   100%        3    ####...
 Freeze                   Ice            #...         96%         1    ##.....
 Sticky Flame             Conj/Fire      #.......     100%        4    #####..
 Summon Ice Beast         Ice/Summ       #.......     100%        4    #####..
 Ozocubu's Armour         Chrm/Ice       #.......     100%        3    ####...
 Call Imp                 Summ           #.......     99%         2    ###....
 Regeneration             Chrm/Necr      #.........   100%        3    ####...
 Summon Greater Demon     Summ           #.........   100%        7    #######
 Iron Shot                Conj/Erth      #.........   100%        6    #######
 Shock                    Conj/Air       #...         96%         1    ##.....
 Swiftness                Chrm/Air       #.......     99%         2    ###....
 Spider Form              Tmut/Pois      #.........   100%        3    ####...
 Blade Hands              Tmut           #.........   100%        5    ######.
 Statue Form              Tmut/Erth      #........    100%        6    #######
 Ice Form                 Ice/Tmut       #.......     100%        4    #####..
 Deflect Missiles         Chrm/Air       #.........   100%        6    #######
 Throw Icicle             Conj/Ice       #.......     100%        4    #####..
 Airstrike                Air            #.........   100%        4    #####..
 Flame Tongue             Conj/Fire      #....        96%         1    ##.....
 Ignite Poison            Fire/Tmut/Pois #.......     100%        3    ####...
 Sticks to Snakes         Tmut           #.......     99%         2    ###....
 Call Canine Familiar     Summ           #.......     100%        3    ####...
 Summon Butterflies       Summ           #.......     96%         1    ##.....
 Silence                  Hex/Air        #.........   100%        5    ######.
 Shatter                  Erth           #.........   100%        9    #######
 Static Discharge         Conj/Air       #.......     100%        3    ####...
 Conjure Ball Lightning   Conj/Air       #.........   100%        6    #######
 Monstrous Menagerie      Summ           #.........   100%        7    #######
 Passage of Golubria      Tloc           N/A          100%        4    #####..
 Orb of Destruction       Conj           #.........   100%        7    #######
 Malign Gateway           Summ/Tloc      #.........   100%        7    #######
 Tornado                  Air            #.........   100%        9    #######
 Leda's Liquefaction      Hex/Erth       #.........   100%        4    #####..
 Summon Hydra             Summ           #.........   100%        7    #######
 Shroud of Golubria       Chrm/Tloc      #.........   99%         2    ###....
 Inner Flame              Hex/Fire       #.......     100%        3    ####...
 Beastly Appendage        Tmut           #.....       96%         1    ##.....
 Iskenderun's Battlesphe  Conj/Chrm      #.......     100%        5    ######.
 Summon Lightning Spire   Summ/Air       #.......     100%        4    #####..
 Summon Guardian Golem    Hex/Summ       #.......     100%        3    ####...
 Spellforged Servitor     Conj/Summ      #.........   100%        7    #######
 Summon Mana Viper        Hex/Summ       #.......     100%        5    ######.
 Gell's Gravitas          Tloc           #.........   100%        3    ####...
 Lesser Beckoning         Tloc           #.........   100%        3    ####...
 Ignition                 Fire           #.........   100%        8    #######

Inventory:

Hand Weapons
 i - a +4 trident
 X - a +2 vampiric trident (weapon)
Missiles
 m - 51 tomahawks (quivered)
 C - 5 throwing nets {=f}
Armour
 f - a +1 pair of gloves (worn)
 u - the -2 hat of the Alchemist (worn) {rElec rPois rF+ rC+ rN+ MR+ rMut rCorr}
   (You found it on level 3 of the Elven Halls)

   It protects you from fire.
   It protects you from cold.
   It insulates you from electricity.
   It protects you from poison.
   It protects you from negative energy.
   It affects your resistance to hostile enchantments.
   It protects you from acid and corrosion.
   It protects you from mutation.
 x - a +0 cloak of fire resistance (worn)
 S - a +0 shield (worn)
 W - a +4 plate armour (worn)
Jewellery
 F - an uncursed ring of protection from fire
 M - a ring of protection from magic (right hand)
 N - the ring "Mixumuh" (left hand) {Wiz rC+}
   (You took it off a deep elf demonologist on level 3 of the Elven Halls)

   [ring of wizardry]

   It improves your spell success rate.
   It protects you from cold.
 O - an amulet of the acrobat (around neck)
Wands
 e - a wand of acid (15)
 A - a wand of iceblast (28)
 U - a wand of clouds (14)
 Y - a wand of digging (34)
Scrolls
 d - 6 scrolls of immolation {!r}
 j - 17 scrolls of teleportation {@r4}
 l - 15 scrolls of remove curse {@r2}
 n - 3 scrolls of fear
 q - a scroll of summoning {unknown}
 r - 9 scrolls of enchant weapon
 t - 6 scrolls of amnesia
 v - 3 scrolls of enchant armour
 G - 3 scrolls of silence {!r}
 H - a scroll of identify {@r1}
 I - 5 scrolls of magic mapping
 K - 4 scrolls of blinking
 L - a scroll of fog
 Q - a scroll of acquirement
 R - a scroll of torment {unknown}
Potions
 a - 5 potions of mutation {!q}
 b - 5 potions of ambrosia
 g - 13 potions of curing {@q1}
 h - 5 potions of agility
 k - 5 potions of flight
 o - 9 potions of heal wounds {@q2}
 p - 4 potions of might
 s - 6 potions of haste {@q3}
 w - 3 potions of lignification {!q}
 B - 2 potions of resistance
 D - 3 potions of cancellation
 E - 3 potions of magic
 J - 7 potions of brilliance
 T - 3 potions of invisibility
 Z - a potion of berserk rage {!q}
Miscellaneous
 P - a phantom mirror
Comestibles
 V - 47 rations {@e1}

Dungeon Overview and Level Annotations

Branches:
Dungeon (15/15)            Temple (1/1) D:6            Lair (6/6) D:9
  Swamp (4/4) Lair:2        Snake (4/4) Lair:2        Slime (0/5) Lair:5
    Orc (2/2) D:12            Elf (3/3) Orc:2        Vaults (1/5) D:14
 Depths (0/5) D:15

Altars:
Ashenzari
Cheibriados
Dithmenos
Elyvilon
Fedhas
Gozag
Hepliaklqana
Kikubaaqudgha
Makhleb
Nemelex Xobeh
Okawaru
Qazlal
Ru
Sif Muna
Trog
Uskayaw
Vehumet
Wu Jian
Xom
Yredelemnul
Zin
The Shining One
Jiyva

Shops:
D:11 [   D:15 (   Orc:1 (   Orc:2 *([!   Elf:3 !   Vaults:1 [

Annotations:
D:3 purgy
D:5 , menkaure
D:7 exclusion: downstairs
D:10 pack of skeletons
Vaults:1 Uzaajiss's ghost, veteran GnWz

..▒.≈≈≈≈.▒..▒▒............▒ ▒.....▒
..▒)≈≈≈≈.▒..▒▒▒▒▒▒▒▒▒▒▒▒▒▒▒ ▒.....▒
..▒)≈≈≈≈.▒..▒ ▒.....▒ ....))......▒
▒.....▒ ....▒▒▒▒....▒ ▒▒▒▒▒▒▒▒▒
▒.....▒ ............▒ ▒.|▒.▒!.▒
▒.....▒ ............▒ ▒▒(![[.▒▒
▒.....▒ ▒▒▒▒▒▒▒▒▒▒▒▒▒ ▒.......▒
▒.....▒ ▒▒.@...▒▒ ▒.....▒ ▒..§W...▒
▒ZZ...▒ ▒▒▒▒ZZZ▒▒▒▒ ▒ZZ...▒
▒...ZZ)...▒ ▒Z....▒ ▒.........▒
▒.ZZ..'
▒▒▒▒▒▒▒▒▒▒▒▒▒▒▒▒▒▒▒▒▒▒'▒▒▒▒▒▒Z....▒
............................ZZ....▒
..)...............................▒
..............................().(▒


You could see Uzaajiss's ghost, a friendly ice dragon zombie, a friendly ugly
thing zombie, a friendly two-headed ogre zombie and 2 friendly wizard zombies.


Message History

Your ice dragon zombie claws Uzaajiss's ghost but does no damage.
Your ice dragon zombie barely misses Uzaajiss's ghost.
Attack whom?
Press: ? - help, Dir - move target cursor, f/p - Uzaajiss's ghost
Aim: Uzaajiss's ghost, wielding a weapon of electrocution (almost destroyed, regenerating)
You hit Uzaajiss's ghost but do no damage.
You kick Uzaajiss's ghost, but do no damage.
Uzaajiss's ghost is almost destroyed.
Your soul eater disappears in a puff of smoke!
Your ugly thing zombie misses Uzaajiss's ghost.
You block Uzaajiss's ghost's attack.
Attack whom?
Press: ? - help, Dir - move target cursor, f/p - Uzaajiss's ghost
Aim: Uzaajiss's ghost, wielding a weapon of electrocution (almost destroyed, regenerating)
You hit Uzaajiss's ghost but do no damage.
You kick Uzaajiss's ghost, but do no damage.
Uzaajiss's ghost is almost destroyed.
Your wizard zombie closely misses Uzaajiss's ghost.
Your ice dragon zombie barely misses Uzaajiss's ghost.
Your ice dragon zombie claws Uzaajiss's ghost but does no damage.
Your ice dragon zombie tramples Uzaajiss's ghost but does no damage.
Attack whom?
Press: ? - help, Dir - move target cursor, f/p - Uzaajiss's ghost
Aim: Uzaajiss's ghost, wielding a weapon of electrocution (almost destroyed, regenerating)
You closely miss Uzaajiss's ghost. Your kick misses Uzaajiss's ghost.
Uzaajiss's ghost is almost destroyed.
Uzaajiss's ghost casts a spell at you. The iron shot hits you!
You die...
Your body rises from the dead as a mindless zombie.

Skill      XL: |  1  2  3  4  5  6  7  8  9 10 11 12 13 14 15 16 17 18 19 |
---------------+----------------------------------------------------------+-----
Polearms       | 3 4 5 6 8 9 11 12 14 15 16 | 16.0
Fighting       | 4 5 6 7 8 9 10 11 12 13 14 15 16 17 | 17.4
Invocations    | 3 6 8 10 12 14 15 16 17 18 | 18.1
Shields        | 2 7 10 12 13 14 16 | 16.0
Dodging        | 3 5 7 8 10 | 10.0
Armour         | 4 6 8 9 |  9.6
Stealth        | |  1.7

Action                   |  1- 3 |  4- 6 |  7- 9 | 10-12 | 13-15 | 16-18 | 19-21 || total
-------------------------+-------+-------+-------+-------+-------+-------+-------++-------
Melee: Spear             |   132 |   211 |   418 |       |       |       |       ||   761
       Kick              |    25 |    59 |    89 |       |   432 |   633 |   210 ||  1448
       Scythe            |       |       |    35 |   103 |       |       |       ||   138
       Halberd           |       |       |       |   603 |   258 |       |       ||   861
       Trident           |       |       |       |       |  1206 |  2218 |   607 ||  4031
Throw: Tomahawk          |       |       |     2 |       |       |       |       ||     2
Invok: Animate Remains   |       |       |    14 |       |       |       |       ||    14
       Recall Undead Sla |       |       |     2 |    22 |    18 |    14 |       ||    56
       Animate Dead      |       |       |       |    60 |    66 |   103 |    25 ||   254
       Drain Life        |       |       |       |     6 |     6 |     9 |     4 ||    25
       Enslave Soul      |       |       |       |       |     1 |       |       ||     1
Evoke: Wand              |       |       |     1 |       |     1 |     1 |       ||     3
  Use: Scroll            |     2 |     3 |     5 |    12 |    13 |     9 |       ||    44
       Potion            |       |       |       |     1 |     1 |     2 |       ||     4
 Stab: Sleeping          |     5 |       |       |       |       |       |       ||     5
       Distracted        |       |       |     8 |    16 |    29 |    50 |    18 ||   121
       Petrified         |       |       |       |       |     2 |       |       ||     2
       Paralysed         |       |       |       |       |       |     2 |       ||     2
  Eat: Chunk             |     2 |     5 |    18 |    21 |    50 |    63 |     2 ||   161
       Ration            |       |     1 |       |    13 |     8 |    15 |     5 ||    42
Armor: Robe              |     7 |       |       |       |       |       |       ||     7
       Leather armour    |    11 |       |       |       |       |       |       ||    11
       Chain mail        |     2 |       |       |       |       |       |       ||     2
       Plate armour      |       |   107 |   162 |   355 |   465 |   646 |   142 ||  1877
Dodge: Dodged            |    65 |    22 |    36 |    94 |   159 |   304 |   105 ||   785
Block: Buckler           |       |       |       |       |   176 |   365 |       ||   541
       Shield            |       |       |       |       |       |    97 |   205 ||   302

Vault maps used:
D:1:      scummos_arrival_forest
D:3:      led_xom_imps, minmay_randomly_rotated_circles, uniq_purgy
D:4:      kiku_gazebo_garden_becter, nicolae_dithmenos_shadow_blocks, uniq_robin
D:5:      ebering_ghost_reflecting_pool, first_ration, grunt_ministairs_11,
          uniq_menkaure, uniq_grinder
D:6:      bloody_makhleb, elyvilon_altar_3, temple_green
D:7:      uniq_joseph, uniq_duvessa
D:8:      argonaut_augean_stables, uniq_maurice
D:9:      hangedman_cross_veins, okawaru_ov_weapons_minmay, old_standard_altar,
          nemelex_xobeh_ov_fountains_minmay, dpeg_lair_monsters,
          uniq_prince_ribbit1
D:10:     hangedman_fish_farm
D:11:     serial_shops, nicolae_shop_behind_doors
D:12:     erik_orc_3
D:13:     cheibrodos_statue_roulette
D:14:     david_vaults_5, serial_bayou_pond_d, serial_column_ruins,
          column_ruins_grid_5, column_ruins_open_small,
          column_ruins_columns_plus, column_ruins_open_large,
          column_ruins_grid_2
D:15:     hangedman_depths_entry_civil_slaughter, serial_shops, shop,
          nicolae_ru_awakened_eye, minivault_14
Temple:   regret_index_temple_waves
Lair:1:   nicolae_volcano_entry_two_sided, lemuel_fruit_tree
Lair:2:   swamp_mist, minmay_snake_entry_six_corridors,
          portal_ice_cave_entry_imps, serial_bayou_shore_a, grunt_megastairs_1,
          uniq_harold, uniq_sonja
Lair:3:   minivault_11, tgw_fedhas, minmay_lair_oklob_chamber
Lair:4:   minmay_lair_oklob_bushes, nicolae_quartered_pool_medium, ice2_lemuel,
          uniq_urug, uniq_nergalle
Lair:5:   slime_altar_1, ebering_ghost_reflecting_pool, uniq_josephine
Lair:6:   wormcave, hangedman_lair_in_review, infiniplex_staircase_pool_2,
          serial_bayou_shore_b, lemuel_fruit_fields
Swamp:1:  evilmike_swamp_ruin_rubble_1, uniq_kirke, uniq_louise
Swamp:2:  nicolae_swamp_triple_paths, uniq_frances
Swamp:3:  nicolae_swamp_dense_foliage, swamp_pool4
Swamp:4:  swamp_pestilence
Snake:1:  special_room, hangedman_venom_bottle, uniq_rupert
Snake:3:  basic_altar
Snake:4:  snake_pit_salamanders_mu
Orc:1:    guppyfry_orc_lava_fort, uniq_gastronok, uniq_erica
Orc:2:    st_orc_ogre_mass, ebering_ghost_rock_garden, bloody_trog, uniq_erolcha
Elf:1:    minmay_elf_crystal_heptagon, uniq_roxanne
Elf:2:    grunt_megastairs_2, basic_stair_grate_trap
Elf:3:    minmay_elf_hall_circle, serial_shops, shop
Vaults:1: gammafunk_vaults_ghost_necromancy, vaults_room_ringed_pool,
          ontoclasm_vaults_ring_small, vaults_room_door_hall, v_misc_15,
          v_misc_2, nicolae_vaults_little_squares_4, v_rooms_4,
          ontoclasm_vaults_ring_small, ontoclasm_vaults_gallery, serial_shops,
          shop, uniq_nikola
IceCv:    ice_cave_caverns_01
Volcano:  volcano_lake

Notes
Turn   | Place    | Note
-------+----------+-------------------------------------------
     0 | D:1      | MothsLongingForFire the Demonspawn Monk began the quest for the Orb.
     0 | D:1      | Reached XP level 1. HP: 18/18 MP: 1/1
   119 | D:1      | Reached skill level 3 in Polearms
   119 | D:1      | Gained mutation: You have large cloven feet. [demonic ancestry]
   119 | D:1      | Reached XP level 2. HP: 13/24 MP: 2/2
   805 | D:2      | Reached XP level 3. HP: 29/29 MP: 3/3
  1216 | D:2      | Reached skill level 4 in Fighting
  1433 | D:2      | Gained mutation: You have hoof-like feet. [demonic ancestry]
  1433 | D:2      | Reached XP level 4. HP: 37/37 MP: 4/4
  1773 | D:3      | Reached skill level 4 in Polearms
  1862 | D:3      | Noticed Purgy
  2139 | D:3      | Gained mutation: You are partially covered in sharp spines. [demonic ancestry]
  2139 | D:3      | Reached XP level 5. HP: 43/43 MP: 5/5
  2233 | D:4      | Found an ancient bone altar of Kikubaaqudgha.
  2346 | D:4      | Reached skill level 5 in Fighting
  2379 | D:4      | Found a shadowy altar of Dithmenos.
  2496 | D:4      | Gained mutation: When seriously injured, your bleeding wounds create armour. (AC +12) [demonic ancestry]
  2496 | D:4      | Reached XP level 6. HP: 48/51 MP: 6/6
  2539 | D:4      | Reached skill level 5 in Polearms
  2758 | D:4      | Noticed Robin
  2770 | D:4      | Killed Robin
  3303 | D:5      | Entered Level 5 of the Dungeon
  3387 | D:5      | Noticed Grinder
  3624 | D:4      | Reached skill level 6 in Fighting
  3624 | D:4      | Gained mutation: A weak demonic guardian rushes to your aid. [demonic ancestry]
  3624 | D:4      | Reached XP level 7. HP: 57/58 MP: 7/7
  4016 | D:5      | Reached skill level 6 in Polearms
  4105 | D:5      | Found a runed door.
  4204 | D:5      | Noticed Menkaure
  4401 | D:6      | Found a white marble altar of Elyvilon.
  4486 | D:6      | Paralysed by Grinder for 6 turns
  4504 | D:6      | Killed Grinder
  4504 | D:6      | Reached skill level 7 in Fighting
  4504 | D:6      | Reached XP level 8. HP: 37/67 MP: 8/8
  4815 | D:6      | Reached skill level 7 in Polearms
  5162 | D:6      | Found a staircase to the Ecumenical Temple.
  5189 | D:6      | Found a burning altar of Makhleb.
  5307 | Temple   | Entered the Ecumenical Temple
  5432 | Temple   | Became a worshipper of Yredelemnul the Dark
  5432 | Temple   | Reached * piety under Yredelemnul
  5432 | Temple   | Reached ** piety under Yredelemnul
  5572 | D:5      | Killed Menkaure
  5572 | D:5      | Reached skill level 1 in Invocations
  5685 | D:5      | Noticed DrakeDragon's ghost (novice HaHu)
  5742 | D:5      | Killed DrakeDragon's ghost
  5742 | D:5      | Reached skill level 8 in Fighting
  5742 | D:5      | Reached skill level 2 in Invocations
  6023 | D:3      | Found a shimmering altar of Xom.
  6067 | D:3      | Reached skill level 3 in Invocations
  6286 | D:3      | Killed Purgy
  6286 | D:3      | Reached skill level 8 in Polearms
  6897 | D:7      | Gained mutation: You are mostly covered in sharp spines. [demonic ancestry]
  6897 | D:7      | Reached XP level 9. HP: 73/74 MP: 9/11
  7115 | D:7      | Noticed Duvessa
  7115 | D:7      | Noticed Dowan
  7171 | D:7      | Killed Duvessa
  7171 | D:7      | Reached skill level 4 in Invocations
  7180 | D:6      | Killed Dowan
  7462 | D:7      | Noticed Joseph
  7485 | D:7      | Killed Joseph
  7744 | D:8      | Noticed Maurice
  7805 | D:8      | Killed Maurice
  7805 | D:8      | Reached skill level 9 in Polearms
  7805 | D:8      | Reached skill level 5 in Invocations
  8078 | D:8      | Reached skill level 9 in Fighting
  8080 | D:8      | Your ally Maurice died
  8102 | D:8      | Reached skill level 6 in Invocations
  8129 | D:8      | Noticed a death yak
  8178 | D:8      | Reached *** piety under Yredelemnul
  8590 | D:8      | Reached XP level 10. HP: 50/83 MP: 14/14
  8682 | D:8      | Reached skill level 10 in Polearms
  8857 | D:8      | Reached skill level 7 in Invocations
  9231 | D:8      | Killed a death yak
  9773 | D:9      | Found a sparkling altar of Nemelex Xobeh.
  9779 | D:9      | Noticed a death yak
  9787 | D:9      | Noticed a death yak
  9805 | D:8      | Killed a death yak
  9985 | D:9      | Noticed a death yak
 10005 | D:8      | Killed a death yak
 10185 | D:8      | Killed a death yak
 10185 | D:8      | Reached skill level 10 in Fighting
 10185 | D:8      | Reached skill level 8 in Invocations
 10661 | D:9      | Found a staircase to the Lair.
 10993 | D:9      | Reached skill level 11 in Polearms
 11253 | D:9      | Found a deep blue altar of Sif Muna.
 11408 | D:9      | Noticed a two-headed ogre
 11414 | D:9      | Received a gift from Yredelemnul (a wight)
 11426 | D:9      | Killed a two-headed ogre
 11426 | D:9      | Reached XP level 11. HP: 66/92 MP: 17/17
 11766 | D:9      | Reached skill level 9 in Invocations
 11841 | D:9      | Noticed a two-headed ogre
 11842 | D:9      | Noticed a centaur warrior
 11850 | D:9      | Killed a two-headed ogre
 11866 | D:9      | Killed a centaur warrior
 12276 | D:9      | Received a gift from Yredelemnul (a mummy)
 12465 | D:9      | Found an iron altar of Okawaru.
 12516 | D:9      | Noticed Prince Ribbit
 12886 | D:10     | Entered Level 10 of the Dungeon
 13092 | D:10     | Reached **** piety under Yredelemnul
 13302 | D:10     | Identified Jaloasielu's Incunabulum of Heat
 13407 | D:10     | Reached skill level 12 in Polearms
 13643 | D:10     | Reached skill level 10 in Invocations
 13805 | D:11     | Noticed a five-headed hydra
 14083 | D:11     | Found the +2 hat of the Bear Spirit {Spirit, +Rage rN+ MR++}
 14170 | D:11     | Reached skill level 11 in Fighting
 14394 | D:11     | Noticed a skeletal warrior
 14397 | D:11     | Noticed a skeletal warrior
 14397 | D:11     | Noticed a skeletal warrior
 14398 | D:11     | Noticed a skeletal warrior
 14401 | D:11     | Noticed a skeletal warrior
 14782 | D:11     | Killed a nine-headed hydra
 14940 | D:11     | Noticed a two-headed ogre
 14957 | D:11     | Killed a two-headed ogre
 15059 | D:11     | Found Lasil's Armour Emporium.
 15216 | D:11     | Noticed a green ugly thing
 15218 | D:11     | Received a gift from Yredelemnul (a mummy)
 15237 | D:11     | Killed a green ugly thing
 15866 | D:10     | Killed a skeletal warrior
 15866 | D:10     | Gained mutation: When seriously injured, your bleeding wounds create thick armour. (AC +12) [demonic ancestry]
 15866 | D:10     | Reached XP level 12. HP: 82/100 MP: 15/20
 15972 | D:11     | Received a gift from Yredelemnul (a mummy)
 15982 | D:11     | Reached skill level 11 in Invocations
 17134 | D:11     | Reached skill level 13 in Polearms
 17365 | D:12     | Received a gift from Yredelemnul (a wraith)
 17860 | D:12     | Reached ***** piety under Yredelemnul
 18698 | D:12     | Found a staircase to the Orcish Mines.
 18749 | D:12     | Received a gift from Yredelemnul (4 flying skulls)
 18980 | D:12     | Noticed a five-headed hydra
 18994 | D:12     | Killed a five-headed hydra
 19117 | D:13     | Noticed a centaur warrior
 19127 | D:13     | Killed a centaur warrior
 19129 | D:13     | Reached skill level 12 in Invocations
 19139 | D:13     | Received a gift from Yredelemnul (a phantasmal warrior)
 19190 | D:13     | Reached skill level 12 in Fighting
 19204 | D:13     | Noticed a catoblepas
 19217 | D:13     | Killed a catoblepas
 19412 | D:13     | Noticed a two-headed ogre
 19419 | D:13     | Killed a two-headed ogre
 20042 | D:13     | Reached skill level 14 in Polearms
 20234 | D:13     | Received a gift from Yredelemnul (4 flying skulls)
 20275 | D:13     | Noticed a two-headed ogre
 20281 | D:13     | Killed a two-headed ogre
 20604 | D:14     | Gained mutation: You have hooves in place of feet. [demonic ancestry]
 20604 | D:14     | Reached XP level 13. HP: 89/109 MP: 18/22
 21052 | D:14     | Received a gift from Yredelemnul (a skeletal warrior)
 21560 | D:14     | Reached skill level 13 in Invocations
 21850 | D:14     | Found a gate to the Vaults.
 22209 | D:15     | Entered Level 15 of the Dungeon
 22265 | D:15     | Found Syaxt's Antique Weapon Shoppe.
 22340 | D:15     | Received a gift from Yredelemnul (a vampire)
 22364 | D:15     | Reached skill level 15 in Polearms
 22390 | D:15     | Reached skill level 13 in Fighting
 23583 | D:10     | Reached skill level 14 in Invocations
 24019 | D:9      | Killed Prince Ribbit
 24035 | Lair:1   | Entered Level 1 of the Lair of Beasts
 24138 | Lair:1   | Reached skill level 1 in Shields
 24142 | Lair:1   | Found a dark tunnel.
 24151 | Volcano  | Entered a volcano
 24282 | Volcano  | Received a gift from Yredelemnul (a flayed ghost)
 24567 | Volcano  | Found a burning altar of Makhleb.
 24670 | Volcano  | Reached skill level 2 in Shields
 24688 | Volcano  | Reached XP level 14. HP: 68/118 MP: 14/24
 25930 | Lair:2   | Noticed Sonja
 25964 | Lair:1   | Received a gift from Yredelemnul (3 flying skulls)
 26106 | Lair:2   | Killed Sonja
 26106 | Lair:2   | Reached skill level 3 in Shields
 26161 | Lair:2   | Found a staircase to the Snake Pit.
 26226 | Lair:2   | Found a frozen archway.
 26233 | Lair:2   | Received a gift from Yredelemnul (a skeletal warrior)
 26249 | IceCv    | Entered an ice cave
 26557 | IceCv    | Reached skill level 4 in Shields
 26792 | IceCv    | Received a gift from Yredelemnul (a vampire knight)
 27160 | IceCv    | Noticed a frost giant
 27575 | IceCv    | Killed a frost giant
 27575 | IceCv    | Reached skill level 5 in Shields
 28027 | Lair:2   | Noticed Harold
 28044 | Lair:2   | Killed Harold
 28188 | Lair:2   | Found a staircase to the Swamp.
 28588 | Lair:2   | Reached ****** piety under Yredelemnul
 28807 | Lair:3   | Received a gift from Yredelemnul (a phantasmal warrior)
 29059 | Lair:3   | Reached skill level 6 in Shields
 29108 | Lair:3   | Reached skill level 15 in Invocations
 29109 | Lair:3   | Received a gift from Yredelemnul (a wraith)
 29165 | Lair:3   | Received a gift from Yredelemnul (a vampire)
 29290 | Lair:3   | Found a blossoming altar of Fedhas.
 29864 | Lair:4   | Noticed Urug
 29879 | Lair:4   | Killed Urug
 30233 | Lair:4   | Noticed Nergalle
 30246 | Lair:4   | Killed Nergalle
 30246 | Lair:4   | Enslaved Nergalle
 30259 | Lair:4   | Received a gift from Yredelemnul (a ghoul)
 30304 | Lair:4   | Reached skill level 14 in Fighting
 30348 | Lair:4   | Reached skill level 7 in Shields
 30415 | Lair:4   | Gained mutation: You are completely covered in sharp spines. [demonic ancestry]
 30415 | Lair:4   | Reached XP level 15. HP: 126/126 MP: 26/26
 30949 | Lair:4   | Got a crude chain mail
 30979 | Lair:4   | Identified the cursed +0 chain mail of Hidimp {Str+4 Int-4} (You found it on level 4 of the Lair of Beasts)
 30996 | Lair:5   | Found a staircase to the Slime Pits.
 30996 | Lair:5   | Found a viscous altar of Jiyva.
 31253 | Lair:5   | Reached skill level 16 in Polearms
 31323 | Lair:5   | Found a runed door.
 31329 | Lair:5   | Noticed Goofits's ghost (journeyman HaGl)
 31337 | Lair:5   | Noticed Josephine
 31350 | Lair:5   | Killed Josephine
 31736 | Lair:5   | Killed Goofits's ghost
 31811 | Lair:6   | Entered Level 6 of the Lair of Beasts
 31821 | Lair:6   | Received a gift from Yredelemnul (a ghoul)
 32024 | Lair:6   | Received a gift from Yredelemnul (a skeletal warrior)
 32305 | Lair:6   | Reached skill level 8 in Shields
 33073 | D:15     | Identified a potion of resistance
 33161 | D:15     | Found a sacrificial altar of Ru.
 33178 | D:15     | Received a gift from Yredelemnul (a skeletal warrior)
 33248 | D:15     | Reached skill level 16 in Invocations
 33268 | D:15     | Reached skill level 9 in Shields
 33300 | D:15     | Found a staircase to the Depths.
 33753 | Swamp:1  | Entered Level 1 of the Swamp
 33755 | Swamp:1  | Noticed Kirke
 33771 | Swamp:1  | Received a gift from Yredelemnul (a vampire knight)
 33784 | Swamp:1  | Killed Kirke
 33806 | Swamp:1  | Noticed a thorn hunter
 33826 | Swamp:1  | Killed a thorn hunter
 33867 | Swamp:1  | Received a gift from Yredelemnul (a bone dragon)
 33898 | Swamp:1  | Noticed Louise
 33911 | Swamp:1  | Killed Louise
 34043 | Swamp:1  | Reached skill level 10 in Shields
 34741 | Swamp:2  | Noticed a thorn hunter
 34759 | Swamp:2  | Killed a thorn hunter
 34760 | Swamp:2  | Received a gift from Yredelemnul (a vampire knight)
 34828 | Swamp:2  | Reached skill level 3 in Dodging
 34868 | Swamp:2  | Gained mutation: When seriously injured, your bleeding wounds create very thick armour. (AC +12) [demonic ancestry]
 34868 | Swamp:2  | Reached XP level 16. HP: 107/134 MP: 22/28
 34895 | Swamp:2  | Reached skill level 1 in Armour
 34929 | Swamp:2  | Noticed a thorn hunter
 34936 | Swamp:2  | Killed a thorn hunter
 34937 | Swamp:2  | Noticed Frances
 35230 | Swamp:2  | Reached skill level 15 in Fighting
 35542 | Swamp:2  | Noticed a thorn hunter
 35562 | Swamp:2  | Killed a thorn hunter
 35658 | Swamp:2  | Killed Frances
 35659 | Swamp:2  | Received a gift from Yredelemnul (a bone dragon)
 36122 | Swamp:3  | Reached skill level 2 in Armour
 36130 | Swamp:3  | Paralysed by a hornet for 2 turns
 36516 | Swamp:3  | Identified a scroll of acquirement
 36955 | Swamp:4  | Entered Level 4 of the Swamp
 37282 | Swamp:4  | Received a gift from Yredelemnul (a flayed ghost)
 38011 | Swamp:4  | Reached skill level 4 in Dodging
 38022 | Swamp:4  | Reached skill level 11 in Shields
 38034 | Swamp:4  | Reached skill level 17 in Invocations
 38035 | Swamp:4  | Received a gift from Yredelemnul (a phantasmal warrior)
 38037 | Swamp:4  | Noticed a bone dragon
 38043 | Swamp:4  | Killed a bone dragon
 38043 | Swamp:4  | Reached skill level 3 in Armour
 38496 | Swamp:4  | Got a decaying rune of Zot
 38873 | Snake:1  | Entered Level 1 of the Snake Pit
 39220 | Snake:1  | Noticed Rupert
 39265 | Lair:2   | Killed Rupert
 40197 | Snake:1  | Received a gift from Yredelemnul (a bone dragon)
 40397 | Snake:1  | Reached skill level 5 in Dodging
 40398 | Snake:1  | Received a gift from Yredelemnul (a ghoul)
 40533 | Snake:1  | Reached skill level 4 in Armour
 41831 | Snake:3  | Reached skill level 12 in Shields
 41831 | Snake:3  | Reached XP level 17. HP: 73/142 MP: 16/29
 41832 | Snake:3  | Received a gift from Yredelemnul (a skeletal warrior)
 42250 | Snake:3  | Found a shadowy altar of Dithmenos.
 43144 | Snake:4  | Entered Level 4 of the Snake Pit
 43156 | Snake:4  | Received a gift from Yredelemnul (a phantasmal warrior)
 43291 | Snake:4  | Reached skill level 5 in Armour
 43838 | Snake:4  | Reached skill level 6 in Dodging
 43898 | Snake:4  | Received a gift from Yredelemnul (a skeletal warrior)
 45028 | Snake:4  | Received a gift from Yredelemnul (a flayed ghost)
 45379 | Snake:4  | Reached skill level 18 in Invocations
 45396 | Snake:4  | HP: 9/144 [naga sharpshooter/arrow (13)]
 45398 | Snake:4  | HP: 4/144 [poisoned by a naga warrior (splash of poison)]
 45399 | Snake:4  | Reached skill level 13 in Shields
 45804 | Snake:4  | Reached skill level 6 in Armour
 46011 | Snake:4  | Reached skill level 16 in Fighting
 46065 | Snake:4  | Received a gift from Yredelemnul (a skeletal warrior)
 46095 | Snake:4  | Got a serpentine rune of Zot
 46555 | Orc:1    | Entered Level 1 of the Orcish Mines
 46555 | Orc:1    | Noticed Gastronok
 46577 | Orc:1    | Killed Gastronok
 47022 | Orc:2    | Entered Level 2 of the Orcish Mines
 47047 | Orc:2    | Found a staircase to the Elven Halls.
 47054 | Orc:2    | Found a bloodstained altar of Trog.
 47113 | Orc:2    | Reached skill level 7 in Dodging
 47172 | Orc:2    | Gained mutation: A demonic guardian rushes to your aid. [demonic ancestry]
 47172 | Orc:2    | Reached XP level 18. HP: 142/151 MP: 5/31
 47177 | Orc:2    | Received a gift from Yredelemnul (a vampire)
 47202 | Orc:2    | Found Xurutyg's Weapon Boutique.
 47202 | Orc:2    | Found Geatil's General Store.
 47220 | Orc:2    | Found Egussabu's Distillery.
 47220 | Orc:2    | Found Zoseaty's Antique Armour Boutique.
 47540 | Orc:2    | Bought a scroll of fog for 20 gold pieces
 47542 | Orc:2    | Bought a potion of haste for 160 gold pieces
 47542 | Orc:2    | Bought a potion of heal wounds for 80 gold pieces
 47542 | Orc:2    | Bought a potion of might for 64 gold pieces
 47542 | Orc:2    | Bought a potion of curing for 48 gold pieces
 47542 | Orc:2    | Bought a potion of magic for 128 gold pieces
 47542 | Orc:2    | Bought a potion of haste for 160 gold pieces
 47542 | Orc:2    | Bought 2 potions of agility for 128 gold pieces
 47542 | Orc:2    | Bought 2 potions of flight for 96 gold pieces
 47542 | Orc:2    | Bought a potion of cancellation for 128 gold pieces
 47791 | Orc:2    | Noticed Erolcha
 47800 | Orc:2    | Killed Erolcha
 47933 | Orc:2    | Found a runed gate.
 47934 | Orc:2    | Found a runed gate.
 47934 | Orc:2    | Found a runed gate.
 47939 | Orc:2    | Noticed Niwyotz's ghost (journeyman MiFi)
 47969 | Orc:2    | Killed Niwyotz's ghost
 48205 | Orc:1    | Received a gift from Yredelemnul (a vampire)
 48205 | Orc:1    | Noticed Erica
 48223 | Orc:1    | Killed Erica
 48262 | Orc:1    | Found Faycoank's Antique Weapon Boutique.
 48325 | Orc:1    | Reached skill level 7 in Armour
 48479 | Orc:1    | Bought a runed trident for 201 gold pieces
 48610 | Elf:1    | Entered Level 1 of the Elven Halls
 49206 | Elf:1    | Reached skill level 14 in Shields
 49222 | Elf:1    | Received a gift from Yredelemnul (a skeletal warrior)
 49491 | Elf:1    | Reached skill level 8 in Dodging
 49713 | Elf:1    | Noticed Roxanne
 49744 | Elf:1    | Killed Roxanne
 50544 | Elf:2    | Received a gift from Yredelemnul (a vampire knight)
 50927 | Elf:2    | Found a runed gate.
 50932 | Elf:2    | Found a runed gate.
 50932 | Elf:2    | Found a runed gate.
 51630 | Elf:2    | Reached skill level 8 in Armour
 51691 | Elf:2    | Received a gift from Yredelemnul (a vampire)
 52174 | Elf:3    | Entered Level 3 of the Elven Halls
 52224 | Elf:3    | Found Juypuc's Distillery.
 52241 | Elf:3    | Bought a potion of berserk rage for 95 gold pieces
 52241 | Elf:3    | Bought a potion of curing for 57 gold pieces
 52241 | Elf:3    | Bought a potion of curing for 57 gold pieces
 52241 | Elf:3    | Bought a potion of heal wounds for 95 gold pieces
 52344 | Elf:3    | Received a gift from Yredelemnul (a vampire knight)
 53971 | Elf:3    | Noticed a Hell Sentinel
 54242 | Elf:3    | Noticed a Hell Sentinel
 54358 | Elf:3    | Noticed a Tzitzimitl
 54367 | Elf:2    | Noticed a Brimstone Fiend
 54471 | Elf:3    | Noticed an Ice Fiend
 54483 | Elf:3    | Reached XP level 19. HP: 125/159 MP: 22/32
 54756 | Elf:3    | Reached skill level 9 in Dodging
 54982 | Elf:3    | Reached skill level 15 in Shields
 55403 | Elf:3    | Reached skill level 17 in Fighting
 55739 | Elf:3    | Got a translucent glass ring
 55767 | Elf:3    | Got a fine marble ring
 55769 | Elf:3    | Identified the ring "Zan Nela" {rPois Str+2 Int-4 Dex+3} (You took it off a deep elf mage on level 3 of the Elven Halls)
 55771 | Elf:3    | Identified the ring "Mixumuh" {Wiz rC+} (You took it off a deep elf demonologist on level 3 of the Elven Halls)
 55907 | Elf:3    | Reached skill level 9 in Armour
 55980 | Elf:3    | Identified Cerebov's Reference Book on the Arsonist
 55981 | Elf:3    | Found the -2 hat of the Alchemist {rElec rPois rF+ rC+ rN+ MR+ rMut rCorr}
 56308 | Vaults:1 | Entered Level 1 of the Vaults
 56363 | Vaults:1 | Received a gift from Yredelemnul (a vampire)
 56434 | Vaults:1 | Found a runed gate.
 56434 | Vaults:1 | Noticed a lich
 56435 | Vaults:1 | Found a runed gate.
 56435 | Vaults:1 | Found a runed gate.
 56435 | Vaults:1 | Noticed Uzaajiss's ghost (veteran GnWz)
 56436 | Vaults:1 | Found the +0 mask of the Dragon {MR+ Slay+3 SInv}
 56721 | Vaults:1 | Received a gift from Yredelemnul (a flayed ghost)
 56732 | Vaults:1 | Noticed Nikola
 56749 | Vaults:1 | Killed Nikola
 56758 | Vaults:1 | Killed a lich
 56853 | Vaults:1 | Found Liclu's Antique Armour Emporium.
 57458 | Vaults:1 | Reached skill level 10 in Dodging
 57462 | Vaults:1 | Your ally Nikola died
 57497 | Vaults:1 | Reached skill level 16 in Shields
 57551 | Vaults:1 | Killed from afar by Uzaajiss's ghost

Vanquished Creatures
  Nikola (Vaults:1)
  A deep elf blademaster (Elf:3)
  4 deep elf master archers (Elf:3)
  Gastronok (Orc:1)
  4 nagarajas (Snake:4)
  A frost giant (IceCv)
  A vault warden (Vaults:1)
  2 deep elf sorcerers (Elf:3)
  2 ironheart preservers (Vaults:1)
  2 deep elf elementalists (Elf:3)
  8 deep elf demonologists
  3 deep elf annihilators
  2 deep elf high priests (Elf:3)
  3 deep elf death magi (Elf:3)
  5 naga warriors
  A vault guard (D:14)
  An ice dragon (Vaults:1)
  4 catoblepae
  4 hydras
  Erica (Orc:1)
  6 ogre magi
  18 dancing weapons
  6 alligators
  7 anacondas
  4 centaur warriors
  A spectral frost giant (Vaults:1)
  3 death yaks
  21 two-headed ogres
  A spectral storm dragon (Vaults:1)
  2 tengu warriors (D:14)
  6 shock serpents
  4 naga sharpshooters
  12 deep elf knights
  Sonja (Lair:2)
  A fire crab (Volcano)
  A spectral yaktaur (Vaults:1)
  5 skeletal warriors
  An unseen horror (D:15)
  A flayed ghost (Vaults:1)
  3 salamander mystics
  3 deep trolls
  A shambling mangrove (Swamp:3)
  5 lindwurms
  A swamp dragon (Swamp:4)
  A wolf spider zombie (D:14)
  A naga ritualist (Snake:4)
  3 orc knights (Orc:1)
  12 deep elf archers
  2 harpies (Vaults:1)
  A wolf spider (Vaults:1)
  9 mana vipers
  3 manticores
  14 ugly things
  40 deep elf magi
  9 salamanders
  3 cyclopes
  4 centaur zombies
  A guardian serpent (shapeshifter) (D:15)
  Maurice (D:8)
  11 naga magi
  2 molten gargoyles
  3 guardian serpents
  4 elephants (Lair:4)
  3 gargoyles
  30 black mambas
  13 spiny frogs
  A rime drake (Lair:4)
  The ghost of DrakeDragon the Slinger, a novice HaHu of Ashenzari (D:5)
  2 kobold demonologists
  A freezing wraith (Vaults:1)
  2 komodo dragons
  A merfolk (D:10)
  5 hornets
  3 trolls
  Prince Ribbit (D:9)
  3 slime creatures
  12 polar bears
  8 blink frogs
  Grinder (D:6)
  3 tyrant leeches
  5 hippogriffs
  2 spectral elves (Vaults:1)
  4 bog bodies
  4 dream sheep
  A redback (shapeshifter) (D:14)
  2 alligator zombies (Swamp:4)
  A centaur simulacrum (D:14)
  A tarantella (shapeshifter) (Vaults:1)
  2 spriggans
  A water elemental (Elf:1)
  2 wyverns
  44 yaks
  A hog (Swamp:1)
  A wraith (Lair:5)
  7 fire bats (Volcano)
  4 vampire mosquitoes
  2 steam dragons
  2 soldier ants
  9 swamp worms
  2 wargs
  19 nagas
  18 water moccasins
  An insubstantial wisp (Swamp:1)
  A hell hound (Volcano)
  Duvessa (D:7)
  4 porcupines
  12 orc warriors
  An ice beast (Lair:4)
  2 swamp drakes (Swamp:2)
  A black bear (D:11)
  Purgy (D:3)
  3 sky beasts
  An eye of draining (D:11)
  2 phantoms
  27 wolves
  A necrophage (D:10)
  5 centaurs
  16 ogres
  3 crocodiles
  14 bullfrogs
  5 big kobolds
  A gnoll sergeant (D:10)
  5 earth elementals
  Dowan (D:6)
  3 scorpions
  A water moccasin skeleton (D:10)
  38 killer bees
  7 wights
  2 howler monkeys
  7 crimson imps
  3 quasits
  6 lava snakes (Volcano)
  5 hounds
  A wyvern simulacrum (D:15)
  A bullfrog skeleton (D:9)
  24 orc wizards
  14 orc priests
  3 centaur skeletons
  3 iguanas
  2 hell rats
  7 worker ants
  2 killer bee zombies
  A hound skeleton (D:6)
  A worker ant zombie (D:9)
  Robin (D:4)
  14 gnolls
  21 adders
  A river rat (D:9)
  4 shadow imps
  6 white imps
  6 adder skeletons
  2 adder zombies
  3 worms
  3 dart slugs
  2 leopard geckos
  63 orcs
  A ball python (Lair:2)
  7 bats
  7 giant cockroaches
  9 goblins
  10 hobgoblins
  16 jackals
  21 kobolds
  6 quokkas
  5 frilled lizards
  2 jackal zombies (D:5)
  A leopard gecko skeleton (D:2)
  7 rats
  2 briar patches (Swamp:2)
  2 plants
974 creatures vanquished.

Vanquished Creatures (collateral kills)
  A bone dragon (Swamp:4)
  A lich (Vaults:1)
  Rupert (Lair:2)
  A deep elf blademaster (Elf:3)
  Frances (Swamp:2)
  Kirke (Swamp:1)
  4 thorn hunters
  Roxanne (Elf:1)
  The ghost of Niwyotz the Severer, a journeyman MiFi of Trog (Orc:2)
  4 nagarajas (Snake:4)
  2 deep elf sorcerers (Elf:3)
  A vault warden (Vaults:1)
  Louise (Swamp:1)
  A deep elf elementalist (Elf:3)
  A very ugly thing (Swamp:3)
  The ghost of Goofits the Unseen, a journeyman HaGl of Dithmenos (Lair:5)
  2 deep elf demonologists
  4 deep elf death magi
  Josephine (Lair:5)
  Erolcha (Orc:2)
  A vault guard (Vaults:1)
  6 hydras
  Harold (Lair:2)
  6 naga warriors
  3 ghost crabs (Swamp:4)
  5 alligators
  5 anacondas (Snake:4)
  A catoblepas (D:13)
  A spectral sphinx (Vaults:1)
  A centaur warrior (D:9)
  A death knight (D:15)
  12 two-headed ogres
  3 dancing weapons
  3 ogre magi
  A tengu warrior (D:15)
  4 death yaks
  2 orc high priests (Orc:1)
  Urug (Lair:4)
  9 naga sharpshooters
  6 shock serpents
  2 spectral humans (Vaults:1)
  A spectral yaktaur (Vaults:1)
  5 salamander mystics (Snake:4)
  A spriggan druid (Swamp:2)
  3 skeletal warriors
  A death drake (Swamp:4)
  2 naga ritualists
  5 spectral hydras (Swamp:4)
  2 shambling mangroves
  4 swamp dragons
  9 deep elf archers
  A harpy (Vaults:1)
  2 orc knights (Orc:1)
  A phantasmal warrior (D:15)
  A wizard (Vaults:1)
  3 oklob plants
  2 mana vipers
  16 deep elf magi
  A wolf spider (Vaults:1)
  A cyclops (D:14)
  A spectral ettin (Vaults:1)
  9 ugly things
  2 manticores (Lair:6)
  11 elephants
  3 guardian serpents
  3 salamanders
  3 centaur zombies
  20 black mambas
  Joseph (D:7)
  2 ice statues
  3 molten gargoyles (D:13)
  A torpor snail (Lair:6)
  6 spiny frogs
  11 naga magi
  2 gargoyles
  A kobold demonologist (D:11)
  2 rime drakes
  An efreet (D:15)
  2 komodo dragons
  An ice devil (Lair:4)
  A tengu conjurer (D:14)
  4 hornets
  10 tyrant leeches
  4 polar bears (IceCv)
  A queen bee (Lair:3)
  A troll (Orc:2)
  A hornet (shapeshifter) (Elf:1)
  9 slime creatures
  2 hydra zombies (Swamp:4)
  11 blink frogs
  2 spectral swamp dragons (Swamp:4)
  6 bog bodies
  A hippogriff (Lair:1)
  5 alligator zombies (Swamp:4)
  2 shadows
  5 dream sheep
  A vampire (D:15)
  A water elemental (Elf:2)
  A tarantella (shapeshifter) (D:10)
  3 spriggans
  3 wraiths
  A wyvern (D:14)
  3 hogs (Swamp:1)
  24 yaks
  2 basilisks
  A hungry ghost (D:15)
  A human simulacrum (Vaults:1)
  2 vampire mosquitoes
  Menkaure (D:5)
  12 insubstantial wisps
  3 swamp worms
  A warg (Orc:2)
  11 nagas
  9 water moccasins
  4 porcupines
  3 swamp drakes
  7 orc warriors
  6 phantoms
  3 ice beasts
  5 swamp dragon zombies (Swamp:4)
  21 ogres
  A centaur (D:13)
  7 wolves
  3 crocodiles
  2 bullfrogs
  2 scorpions
  7 killer bees
  A wight (D:14)
  A howler monkey (D:5)
  3 electric eels
  2 crimson imps
  A hound (D:15)
  3 lava snakes (Volcano)
  2 orc priests (D:9)
  An orc wizard (Orc:1)
  2 worker ants
  A hound zombie (D:9)
  A gnoll (D:10)
  A swamp drake zombie (Swamp:4)
  An adder (D:12)
  13 white imps
  An ooze (D:5)
  An adder zombie (D:6)
  14 orcs
  A bat (D:3)
  6 kobolds
  An orc zombie (Orc:1)
  21 briar patches
  2 bushes
  A butterfly (Lair:6)
  46 fungi
  46 plants
640 creatures vanquished.

Vanquished Creatures (others)
  A ghoul (Snake:4)
  2 vampire knights
  An ogre mage (Vaults:1)
  3 deep elf knights (Elf:3)
  3 skeletal warriors
  4 flayed ghosts
  4 phantasmal warriors
  A wizard (Vaults:1)
  A lindwurm (shapeshifter) (D:15)
  2 wolf spider zombies (Vaults:1)
  6 ugly thing zombies
  An ironbrand convoker (Vaults:1)
  A deep elf mage (Elf:3)
  6 centaur zombies
  A swamp worm zombie (Swamp:4)
  A komodo dragon (Swamp:4)
  A death drake zombie (Swamp:4)
  11 flying skulls
  10 black mamba zombies
  3 vampires
  2 wraiths
  2 tyrant leech zombies (Swamp:2)
  A merfolk zombie (D:10)
  7 two-headed ogre zombies
  A tengu zombie (D:14)
  3 insubstantial wisps (Swamp:4)
  3 elf skeletons (Elf:2)
  3 lindwurm zombies (Snake:4)
  3 manticore zombies
  4 blink frog zombies
  38 elf zombies
  A swamp dragon zombie (Swamp:3)
  A vampire mosquito zombie (Swamp:1)
  A hog zombie (Swamp:1)
  A rime drake zombie (IceCv)
  6 salamander zombies
  A hippogriff zombie (D:11)
  3 water moccasin zombies
  A warg zombie (Orc:2)
  A spriggan zombie (Swamp:2)
  2 polar bear zombies (IceCv)
  12 yak zombies
  15 naga zombies
  A polar bear skeleton (IceCv)
  A wight (D:9)
  A yak skeleton (D:8)
  7 wolf zombies (IceCv)
  4 bullfrog zombies
  A soldier ant zombie (D:11)
  A wolf skeleton (IceCv)
  2 bog body skeletons (Swamp:4)
  10 killer bee zombies
  A porcupine skeleton (D:9)
  5 big kobold zombies
  7 ogre zombies (Orc:2)
  A crocodile zombie (D:14)
  5 human zombies
  A sky beast zombie (D:14)
  3 mummies
  5 worker ant zombies
  2 scorpion zombies
  3 adder zombies
  4 gnoll zombies (D:10)
  A jackal zombie (D:8)
  7 kobold zombies
  2 orc skeletons
  30 orc zombies
  A briar patch (Swamp:1)
  3 fungi
  13 plants
297 creatures vanquished.

Grand Total: 1911 creatures vanquished

Table legend:
 A = Turns spent in this place as a percentage of turns spent in the entire game.
 B = Non-inter-level travel turns spent in this place as a percentage of non-inter-level travel turns spent in the entire game.
 C = Inter-level travel turns spent in this place as a percentage of turns spent in this place.
 D = Turns resting spent in this place as a percentage of non-inter-level travel turns spent in this place.
 E = Turns spent auto-exploring this place as a percentage of non-inter-level travel turns spent in this place.
 F = Non-inter-level travel turns spent in this place divided by the number of levels of this place that you've seen.
                   A       B       C       D       E      F
               +-------+-------+-------+-------+-------+----------------------
         Total | 100.0 | 100.0 |   5.7 |  36.2 |  38.1 | 1428.2
       Dungeon |  43.3 |  42.9 |   6.7 |  39.8 |  37.8 | 1550.7
        Temple |   0.3 |   0.2 |  25.2 |   0.0 |  93.8 | 113.0
          Lair |  11.9 |  11.9 |   5.6 |  19.8 |  56.1 | 1074.5
         Swamp |   8.8 |   8.9 |   4.8 |  32.3 |  41.7 | 1208.2
     Snake Pit |  12.0 |  12.0 |   5.5 |  44.7 |  26.0 | 1631.5
  Orcish Mines |   3.6 |   3.6 |   7.1 |  21.9 |  42.4 | 972.0
   Elven Halls |  13.2 |  13.2 |   5.4 |  42.6 |  30.2 | 2391.0
        Vaults |   2.2 |   2.3 |   0.8 |   0.8 |  55.0 | 1230.0
      Ice Cave |   3.0 |   3.2 |   0.0 |  42.4 |  26.4 | 1739.0
       Volcano |   1.7 |   1.9 |   0.0 |  42.2 |  31.4 | 1007.0
               +-------+-------+-------+-------+-------+----------------------

Table legend:
 A = Spawn XP
 B = Non-spawn XP
 C = Spawn XP percentage of total XP
 D = Spawn monster count
 E = Non-spawn monster count
 F = Spawn count percentage of total count
 G = Total turns spent on level
                    A         B        C        D         E        F      G
               +---------+---------+-------+---------+---------+-------+---------
         Total |       0 |  457879 |   0.0 |       0 |    1500 |   0.0 | 57551
               +---------+---------+-------+---------+---------+-------+---------
           D:1 |       0 |      46 |   0.0 |       0 |      18 |   0.0 |   924
           D:2 |       0 |      80 |   0.0 |       0 |      21 |   0.0 |   738
           D:3 |       0 |     422 |   0.0 |       0 |      36 |   0.0 |  1395
           D:4 |       0 |     513 |   0.0 |       0 |      34 |   0.0 |  1552
           D:5 |       0 |     870 |   0.0 |       0 |      26 |   0.0 |   952
           D:6 |       0 |     763 |   0.0 |       0 |      22 |   0.0 |  1098
           D:7 |       0 |     976 |   0.0 |       0 |      15 |   0.0 |  1035
           D:8 |       0 |    5180 |   0.0 |       0 |      35 |   0.0 |  2507
           D:9 |       0 |    5740 |   0.0 |       0 |      56 |   0.0 |  3060
          D:10 |       0 |    5170 |   0.0 |       0 |      30 |   0.0 |  2113
          D:11 |       0 |    7493 |   0.0 |       0 |      60 |   0.0 |  2670
          D:12 |       0 |    5100 |   0.0 |       0 |      41 |   0.0 |  1913
          D:13 |       0 |    6088 |   0.0 |       0 |      25 |   0.0 |  1388
          D:14 |       0 |   15545 |   0.0 |       0 |      43 |   0.0 |  2458
          D:15 |       0 |   18540 |   0.0 |       0 |      43 |   0.0 |  1122
        Lair:1 |       0 |    3423 |   0.0 |       0 |      15 |   0.0 |  1130
        Lair:2 |       0 |   10639 |   0.0 |       0 |      52 |   0.0 |  1658
        Lair:3 |       0 |    8672 |   0.0 |       0 |      64 |   0.0 |  1063
        Lair:4 |       0 |    9435 |   0.0 |       0 |      46 |   0.0 |  1173
        Lair:5 |       0 |    4365 |   0.0 |       0 |      15 |   0.0 |   823
        Lair:6 |       0 |   13502 |   0.0 |       0 |      51 |   0.0 |   984
       Swamp:1 |       0 |   14863 |   0.0 |       0 |      49 |   0.0 |   998
       Swamp:2 |       0 |   13671 |   0.0 |       0 |      32 |   0.0 |  1093
       Swamp:3 |       0 |    6018 |   0.0 |       0 |      18 |   0.0 |  1197
       Swamp:4 |       0 |   12489 |   0.0 |       0 |      53 |   0.0 |  1790
       Snake:1 |       0 |   19728 |   0.0 |       0 |      49 |   0.0 |  1423
       Snake:2 |       0 |    8188 |   0.0 |       0 |      21 |   0.0 |   889
       Snake:3 |       0 |   12523 |   0.0 |       0 |      24 |   0.0 |  1404
       Snake:4 |       0 |   51448 |   0.0 |       0 |     101 |   0.0 |  3192
         Orc:1 |       0 |   11287 |   0.0 |       0 |      65 |   0.0 |   884
         Orc:2 |       0 |   22161 |   0.0 |       0 |      60 |   0.0 |  1209
         Elf:1 |       0 |   18436 |   0.0 |       0 |      34 |   0.0 |  1840
         Elf:2 |       0 |   35760 |   0.0 |       0 |      54 |   0.0 |  2698
         Elf:3 |       0 |   49248 |   0.0 |       0 |      50 |   0.0 |  3041
      Vaults:1 |       0 |   43869 |   0.0 |       0 |      66 |   0.0 |  1240
         IceCv |       0 |   11304 |   0.0 |       0 |      54 |   0.0 |  1739
       Volcano |       0 |    4324 |   0.0 |       0 |      22 |   0.0 |  1007
               +---------+---------+-------+---------+---------+-------+---------
